 Dungeon Crawl Stone Soup version 0.32-a0-643-ga006e7742e (webtiles) character file.

Game seed: 10679948656857924507

65 IdlyInterested the Slasher (level 3, -3/27 HPs)
             Began as a Demonspawn Gladiator on Mar 7, 2024.
             Slain by an ice beast (13 damage)
             ... on level 3 of the Dungeon.
             The game lasted 00:04:09 (1734 turns).

IdlyInterested the Slasher (Demonspawn Gladiator)   Turns: 1734, Time: 00:04:09

Health: -3/27      AC:  6    Str: 14    XL:     3   Next: 92%
Magic:  3/3        EV: 11    Int:  8    God:
Gold:   84         SH:  0    Dex: 16    Spells: 2/2 levels left

rFire   . . .        i - +2 dagger (venom)
rCold   . . .        (no shield)
rNeg    . . .        j - +0 ring mail
rPois   .            c - +0 helmet
rElec   .            (no cloak)
rCorr   .            (no gloves)
SInv    .            (no boots)
Will    .....        (no amulet)
Stlth   +            (no ring)
HPRegen 0.24/turn    (no ring)
MPRegen 0.08/turn

%: no passive effects
@: wreathed by umbra
A: weakness stinger 1, foul shadow 1
a: no special abilities


You were on level 3 of the Dungeon.
You visited 1 branch of the dungeon, and saw 3 of its levels.

You collected 84 gold pieces.

Inventory:

Hand Weapons
 a - a +0 long sword
 i - a +2 dagger of venom (weapon)
Missiles
 d - 3 throwing nets (quivered)
 e - a javelin
 f - 42 stones
Armour
 b - a +0 leather armour
 c - a +0 helmet (worn)
 j - a +0 ring mail (worn)
Scrolls
 k - a scroll of fear
 m - a scroll of enchant weapon
 n - a scroll of enchant armour {unknown}
Potions
 g - a potion of enlightenment
 h - a potion of attraction
 l - a potion of cancellation {unknown}


   Skills:
 - Level 2.0 Fighting
 + Level 3.6 Long Blades
 - Level 2.0 Throwing
 - Level 3.0 Dodging
 + Level 1.8 Stealth


You had 2 spell levels left.
You didn't know any spells.
Your spell library contained the following spells:

 Spells                   Type           Power      Damage    Failure   Level
 Sting                    Conj/Alch      0%         1d3       65%         1
 Mercury Vapours          Alch/Air       0%         N/A       80%         2
 Cause Fear               Hex            0%         N/A       100%        4
 Olgreb's Toxic Radiance  Alch           0%         N/A       100%        4
 Fireball                 Conj/Fire      0%         3d3       100%        5
 Dragon's Call            Summ           0%         N/A       100%        9


Dungeon Overview and Level Annotations

Branches:
Dungeon (3/15)

Altars:
Vehumet


Innate Abilities, Weirdness & Mutations

You have a small tail.
You are faintly shadowed, very rarely releasing foul flame when damaged in melee.


Message History

The orc moves out of view. 2 orcs come into view.
The orc shouts! x2
An adder comes into view.
The orc barely misses you.
You hit the orc.
The orc is poisoned.
The orc is severely wounded.
The orc hits you with a +0 flail.
You hit the orc.
You kill the orc!
You hit the ball python.
You kill the ball python!
You hit the ice beast.
The ice beast is lightly wounded.
The ice beast closely misses you.
You hit the ice beast.
The ice beast is lightly wounded.
The ice beast hits you. The ice beast freezes you!
The ice beast is seared by the foul flame within you.
The ice beast is moderately wounded.
You hit the ice beast but do no damage.
You tail-slap the ice beast, but do no damage.
The ice beast is moderately wounded.
You hit the ice beast.
The ice beast is moderately wounded.
The ice beast barely misses you.
You hit the ice beast but do no damage. You tail-slap the ice beast.
The ice beast is moderately wounded.
The ice beast barely misses you.
You hit the ice beast.
The ice beast is heavily wounded.
The ice beast closely misses you.
You hit the ice beast but do no damage.
The ice beast is poisoned.
You tail-slap the ice beast.
The ice beast is severely wounded.
The ice beast hits you but does no damage.
You hit the ice beast.
The ice beast is severely wounded.
The ice beast hits you. The ice beast freezes you!
You die...

###.....## ###.....## ..
.#.......# .. .S .........#
.# ##o#### .........# ..#
......# ........## ###.#
..o.?.# ...#....######...
.o....#
...####.....##.#####.S....#
..## #####.....@Yo#......#
.#########.....###oS.....P~
.#......##.##### #.##..#♣~~
.#......##. #..# .#
.#......... #..## #
)......)### #..# ........#
#..# .#......# #.#
.#......# #.


You could see an ice beast (poisoned), an adder and 2 orcs.

Vanquished Creatures
  A ribbon worm (D:3)
  3 dart slugs
  3 orcs
  2 bats (D:2)
  4 endoplasms
  2 giant cockroaches
  6 goblins
  5 hobgoblins
  7 jackals
  3 quokkas
  4 ball pythons
  2 kobolds (D:1)
  4 rats
46 creatures vanquished.

Notes
Turn   | Place    | Note
-------+----------+-------------------------------------------
     0 | D:1      | IdlyInterested the Demonspawn Gladiator began the quest for
                  | the Orb.
     0 | D:1      | Reached XP level 1. HP: 16/16 MP: 1/1
   217 | D:1      | Gained mutation: You are faintly shadowed, very rarely
                  | releasing foul flame when damaged in melee. [demonic
                  | ancestry]
   217 | D:1      | Reached XP level 2. HP: 22/22 MP: 2/2
   996 | D:2      | Gained mutation: You have a small tail. [demonic ancestry]
   996 | D:2      | Reached XP level 3. HP: 25/27 MP: 3/3
  1027 | D:2      | Found a radiant altar of Vehumet.
  1039 | D:2      | Reached skill level 1 in Stealth
  1232 | D:2      | Found a faded altar of an unknown god.
  1717 | D:3      | Noticed an ice beast
  1734 | D:3      | Slain by an ice beast

Illustrated notes

Levels and vault maps discovered:
D:1:      dpeg_arrival_solitude, layout_basic
D:2:      layout_loops_ring, basic_altar, hellmonk_ecumenical_altar_arch_garden
D:3:      layout_rooms, serial_shops, nicolae_shop_window_shopping,
          serial_bayou_pond_e

Skill      XL: |  1  2  3 |
---------------+----------+-----
Long Blades    | 3 |  3.6
Dodging        | 3 |  3.0
Throwing       | 2 |  2.0
Stealth        | 1 |  1.8
Fighting       | |  2.0

Action                     || total
---------------------------++-------
  Melee: Long sword        ||    18
         Dagger            ||    93
         Tailslap          ||    13
    Use: Scroll            ||     4
   Stab: Sleeping          ||     1
 Armour: Leather armour    ||    13
         Ring mail         ||    40
  Dodge: Dodged            ||    58

Table legend: (Time is in decaauts)
 A = Elapsed time spent in this place.
 B = Non-inter-level travel time spent in this place.
 C = Inter-level travel time spent in this place.
 D = Time resting spent in this place.
 E = Time spent auto-exploring this place.
 F = Levels seen in this place.
 G = Mean time per level.
                   A        B        C        D        E       F      G
               +--------+--------+--------+--------+--------+-----+--------+
         Total |   1728 |   1680 |     48 |      0 |   1307 |   3 |  576.0 |
       Dungeon |   1728 |   1680 |     48 |      0 |   1307 |   3 |  576.0 |
               +--------+--------+--------+--------+--------+-----+--------+

Top non-repeatable levels by time:
     D:1: 915 daAuts
     D:2: 673 daAuts
     D:3: 139 daAuts
